[Event "Prague Festival Future 2020"]
[Site "Prague"]
[Date "2020.02.14"]
[Round "3.4"]
[White "Vagman, Roy"]
[Black "Klimkowski, Jan"]
[Result "1-0"]
[ECO "E98"]
[WhiteElo "2141"]
[BlackElo "2229"]
[Annotator "RC"]
[PlyCount "91"]
[EventDate "2020.02.12"]
[EventType "tourn"]
[EventCountry "CZE"]
[SourceTitle "playchess.com"]
[Source "ChessBase"]
[SourceQuality "1"]
[TimeControl "40/5400+30:1800+30"]

1. d4 Nf6 2. c4 g6 3. Nc3 Bg7 4. e4 d6 5. Nf3 O-O 6. Be2 e5 7. O-O Nc6 8. d5 Ne7 9. Ne1 Ne8 10. f3 f5 11. g4 Nf6 12. Nd3 Qd7 13. exf5 gxf5 14. g5 Ne8 15. f4 Ng6 16. Be3 e4 17. Ne1 c5 18. Ng2 Nc7 19. Rb1 a6 20. Na4 Rb8 21. b4 Bd4 22. bxc5 dxc5 23. Nxc5 Bxe3+ 24. Nxe3 Qd6 25. Nb3 Nxf4 26. c5 Nxe2+ 27. Qxe2 Qg6 28. Rf4 h6 29. Qg2 hxg5 30. h4 b6 31. c6 Kh7 32. hxg5 Nb5 33. a4 Nc7 34. Rh4+ Kg8 35. Rh6 Qg7 36. d6 Ne6 37. Nd5 Qe5 38. Nf6+ Kg7 39. Rh7+ Kg6 40. Qh3 f4 41. Qh5+ Kf5 42. Rh6 Qc3 43. Qg6+ Ke5 44. Qxe4+ Kxd6 45. Rd1+ Ke7 46. Nd5+ 1-0

[Event "Prague Festival Future 2020"]
[Site "Prague"]
[Date "2020.02.15"]
[Round "4.1"]
[White "Klimkowski, Jan"]
[Black "Nemec, Jachym"]
[Result "1/2-1/2"]
[ECO "B33"]
[WhiteElo "2229"]
[BlackElo "2069"]
[Annotator "ChessBase"]
[PlyCount "125"]
[EventDate "2020.02.12"]
[EventType "tourn"]
[EventCountry "CZE"]
[SourceTitle "playchess.com"]
[Source "ChessBase"]
[SourceQuality "1"]
[TimeControl "40/5400+30:1800+30"]

1. e4 c5 2. Nf3 Nc6 3. d4 cxd4 4. Nxd4 Nf6 5. Nc3 e5 6. Ndb5 d6 7. Bg5 a6 8. Na3 b5 9. Nd5 Be7 10. Bxf6 Bxf6 11. c3 O-O 12. Nc2 Rb8 13. a4 bxa4 14. Ncb4 Nxb4 15. cxb4 Bb7 16. Rxa4 Qc8 17. Be2 Bxd5 18. exd5 Rb6 19. O-O Qb7 20. b3 Rxb4 21. Bxa6 Qb6 22. Rxb4 Qxb4 23. Bc4 Ra8 24. Qg4 g6 25. h4 h5 26. Qe4 Qd2 27. g3 Ra2 28. Qe1 Bd8 29. Qxd2 Rxd2 30. Re1 Bb6 31. Re2 Rxe2 32. Bxe2 Bc5 33. Kg2 Kg7 34. f3 f5 35. Bb5 Kf6 36. Be8 Bb4 37. Kf2 Bc5+ 38. Ke2 Bb4 39. Bd7 Bc5 40. Be8 Bb4 41. Kf2 Bc5+ 42. Kg2 Bb4 43. Kh3 Be1 44. Bd7 Ke7 45. Be6 Kf6 46. Bc8 Ke7 47. Be6 Kf6 48. Bd7 Ke7 49. Bc8 Kd8 50. Be6 Ke7 51. g4 fxg4+ 52. fxg4 hxg4+ 53. Kxg4 Kf6 54. Bd7 Bb4 55. Bb5 Be1 56. Bd3 Bb4 57. Bc2 Be1 58. Be4 Bb4 59. Kf3 Be1 60. Ke2 Bxh4 61. b4 Ke7 62. Bxg6 Kd7 63. Ke3 1/2-1/2

[Event "Prague Festival Future 2020"]
[Site "Prague"]
[Date "2020.02.15"]
[Round "4.2"]
[White "Chinguun Bayaraa"]
[Black "Finek, Vaclav"]
[Result "1-0"]
[ECO "A06"]
[WhiteElo "2049"]
[BlackElo "2220"]
[Annotator "ChessBase"]
[PlyCount "143"]
[EventDate "2020.02.12"]
[EventType "tourn"]
[EventCountry "CZE"]
[SourceTitle "playchess.com"]
[Source "ChessBase"]
[SourceQuality "1"]
[TimeControl "40/5400+30:1800+30"]

1. d3 d5 2. Nf3 Nf6 3. g3 g6 4. Bg2 Bg7 5. O-O O-O 6. Nbd2 Nbd7 7. e4 dxe4 8. dxe4 e5 9. c3 Qe7 10. Qc2 b6 11. b4 Ba6 12. Re1 Rfd8 13. a4 Bb7 14. Ba3 a6 15. Bf1 Qe8 16. Bc4 h6 17. Nh4 Nf8 18. Ndf3 b5 19. Bb3 Bc8 20. Bb2 Bg4 21. Kg2 Qe7 22. h3 Be6 23. c4 bxa4 24. Rxa4 N6d7 25. c5 Bxb3 26. Qxb3 a5 27. c6 Nf6 28. Rxa5 Rab8 29. Bc3 Ne6 30. Nxe5 Kh7 31. Nhf3 Rf8 32. Qc4 Rbd8 33. Ra7 g5 34. b5 Qe8 35. Bb4 Rg8 36. b6 Nh5 37. Nd7 cxb6 38. e5 Bh8 39. Qe4+ Rg6 40. Kh2 Kg8 41. Nxb6 f5 42. exf6 Nxf6 43. Qxe6+ Qxe6 44. Rxe6 Ng4+ 45. hxg4 Rxe6 46. c7 Ree8 47. cxd8=Q Rxd8 48. Ra8 Rxa8 49. Nxa8 Bf6 50. Nc7 Kf7 51. Nd5 Bg7 52. Bd2 Ke6 53. Nb4 Bf6 54. Nc2 Kd5 55. Kg2 Ke4 56. Ne3 Bd8 57. Nf5 h5 58. Nxg5+ Kd3 59. gxh5 Kxd2 60. Ne6 Bf6 61. Nfg7 Ke2 62. h6 Bc3 63. h7 Be1 64. Nf4+ Kd2 65. h8=Q Bxf2 66. Qd8+ Kc3 67. Qd3+ Kb4 68. Kxf2 Kc5 69. Nge6+ Kb4 70. Nd5+ Ka5 71. Qb1 Ka6 72. Qb6# 1-0

[Event "Prague Festival Future 2020"]
[Site "Prague"]
[Date "2020.02.15"]
[Round "4.3"]
[White "Aydin, Gulenay"]
[Black "Vagman, Roy"]
[Result "0-1"]
[ECO "B28"]
[WhiteElo "1964"]
[BlackElo "2141"]
[Annotator "ChessBase"]
[PlyCount "74"]
[EventDate "2020.02.12"]
[EventType "tourn"]
[EventCountry "CZE"]
[SourceTitle "playchess.com"]
[Source "ChessBase"]
[SourceQuality "1"]
[TimeControl "40/5400+30:1800+30"]

1. e4 c5 2. Nf3 a6 3. c3 d5 4. exd5 Qxd5 5. d4 Nf6 6. Be2 cxd4 7. cxd4 Nc6 8. O-O e6 9. Nc3 Qd6 10. Bg5 Be7 11. Qd2 O-O 12. Rad1 Nb4 13. Rfe1 Nbd5 14. Ne5 Rd8 15. Bf3 Nxc3 16. bxc3 Nd5 17. Bxe7 Nxe7 18. Be4 Ng6 19. Nd3 Rb8 20. Rb1 f5 21. Bf3 e5 22. Bh5 e4 23. Bxg6 hxg6 24. Nf4 g5 25. Ne2 f4 26. h4 Bf5 27. Rbd1 Rf8 28. hxg5 Bg6 29. d5 Rbe8 30. Qd4 b5 31. c4 bxc4 32. Qxc4 f3 33. Ng3 e3 34. Qh4 Rf4 35. Qh3 exf2+ 36. Kxf2 Qc5+ 37. Kf1 fxg2+ 0-1

[Event "Prague Festival Future 2020"]
[Site "Prague"]
[Date "2020.02.15"]
[Round "4.4"]
[White "Gurel, Ediz"]
[Black "Brozka, Karel"]
[Result "1-0"]
[ECO "B01"]
[WhiteElo "2125"]
[BlackElo "2045"]
[Annotator "NA"]
[PlyCount "103"]
[EventDate "2020.02.12"]
[EventType "tourn"]
[EventCountry "CZE"]
[SourceTitle "playchess.com"]
[Source "ChessBase"]
[SourceQuality "1"]
[TimeControl "40/5400+30:1800+30"]

1. e4 d5 2. exd5 Qxd5 3. Nc3 Qa5 4. d4 Nf6 5. Nf3 c6 6. Bc4 Bf5 7. O-O e6 8. Ne5 Bb4 9. Bd2 $11 Nbd7 10. a3 Bxc3 11. Bxc3 Qc7 12. Nxd7 Qxd7 13. Re1 O-O 14. b3 Rfd8 15. Bb2 Qc7 16. Qc1 h6 17. Bf1 Rd7 18. h3 Rad8 19. c4 Ne4 20. g4 Bg6 21. Bg2 Nd6 22. Qc3 Ne8 23. Rad1 e5 24. d5 f6 25. Qc1 c5 26. h4 Nd6 27. f4 exf4 28. Qxf4 Nf7 29. Qf2 Re7 30. Rxe7 Qxe7 31. Re1 Ne5 32. g5 hxg5 33. hxg5 Re8 34. Re3 Qd6 35. Qg3 Kh7 36. Bh3 b5 37. Be6 Rxe6 38. Qh3+ Kg8 39. Qxe6+ Qxe6 40. dxe6 bxc4 41. Bxe5 fxe5 42. bxc4 e4 43. Rb3 Kf8 44. Kf2 Ke7 45. Rb7+ Kxe6 46. Rxg7 Kf5 47. Ke3 Be8 48. Rxa7 Kxg5 49. Kxe4 Bc6+ 50. Ke5 Bf3 51. Rc7 Be2 52. Rxc5 1-0

[Event "Prague Festival Future 2020"]
[Site "Prague"]
[Date "2020.02.15"]
[Round "4.5"]
[White "Nadzamova, Viktoria"]
[Black "Kanov, Nikola"]
[Result "1/2-1/2"]
[ECO "C17"]
[WhiteElo "1960"]
[BlackElo "2129"]
[Annotator "ChessBase"]
[PlyCount "87"]
[EventDate "2020.02.12"]
[EventType "tourn"]
[EventCountry "CZE"]
[SourceTitle "playchess.com"]
[Source "ChessBase"]
[SourceQuality "1"]
[TimeControl "40/5400+30:1800+30"]

1. e4 e6 2. d4 d5 3. Nc3 Bb4 4. e5 c5 5. Bd2 Ne7 6. Nb5 Bxd2+ 7. Qxd2 O-O 8. f4 cxd4 9. Nxd4 Nbc6 10. Ngf3 Qb6 11. O-O-O Bd7 12. Kb1 Rac8 13. Nxc6 bxc6 14. h4 c5 15. g4 d4 16. Bc4 Bb5 17. Bxb5 Qxb5 18. Qd3 Qxd3 19. Rxd3 Nd5 20. f5 Ne3 21. f6 gxf6 22. exf6 Rfe8 23. Ne5 Red8 24. c4 Rd6 25. Rb3 Rb6 26. Rxb6 axb6 27. a4 Rd8 28. Kc1 Ra8 29. b3 Rd8 30. Kd2 Rc8 31. Rg1 Rc7 32. Kd3 Kf8 33. h5 Rb7 34. g5 Nf5 35. Rh1 Kg8 36. g6 fxg6 37. hxg6 hxg6 38. Nxg6 Nd6 39. Ne5 Ra7 40. Ng6 Rb7 41. Rh6 Nf7 42. Rh5 Nd6 43. Rh6 Nf7 44. Rh5 1/2-1/2

[Event "Prague Festival Future 2020"]
[Site "Prague"]
[Date "2020.02.16"]
[Round "5.1"]
[White "Brozka, Karel"]
[Black "Nadzamova, Viktoria"]
[Result "1/2-1/2"]
[ECO "E21"]
[WhiteElo "2045"]
[BlackElo "1960"]
[Annotator "ChessBase"]
[PlyCount "120"]
[EventDate "2020.02.12"]
[EventType "tourn"]
[EventCountry "CZE"]
[SourceTitle "playchess.com"]
[Source "ChessBase"]
[SourceQuality "1"]
[TimeControl "40/5400+30:1800+30"]

1. d4 Nf6 2. Nf3 e6 3. c4 b6 4. Nc3 Bb4 5. Bg5 Bb7 6. e3 h6 7. Bh4 g5 8. Bg3 Ne4 9. Qc2 Bxc3+ 10. bxc3 Nxg3 11. fxg3 d6 12. Bd3 Nd7 13. O-O Qe7 14. Be4 Bxe4 15. Qxe4 O-O 16. Qc6 Nf6 17. Rae1 Qd7 18. Qxd7 Nxd7 19. Nd2 e5 20. Rf5 f6 21. g4 Kg7 22. Ne4 Rae8 23. Ng3 e4 24. Rf2 Kg6 25. Nf5 Nb8 26. Ref1 Nd7 27. Rb1 Rf7 28. h3 Rff8 29. Rb4 a5 30. Rb5 Re6 31. Rb1 Rc8 32. Rc2 Ree8 33. Rb5 Re6 34. Rbb2 Ree8 35. a4 Rcd8 36. Rf2 Re6 37. Rfd2 Ree8 38. Rb5 Rb8 39. Rb1 Rbd8 40. Kf2 Nb8 41. Kg1 Nd7 42. g3 Re6 43. Rh2 Rh8 44. Kg2 Ree8 45. Rbh1 h5 46. Rf1 hxg4 47. hxg4 Rxh2+ 48. Kxh2 Rh8+ 49. Kg2 Kf7 50. Rb1 Ke6 51. Ng7+ Kf7 52. Nf5 Rh7 53. Rh1 Rxh1 54. Kxh1 Nb8 55. Kg2 Nc6 56. Kf2 Nd8 57. Ke2 Ke6 58. Ng7+ Kd7 59. Nh5 Ke7 60. Ng7 Kf7 1/2-1/2

[Event "Prague Festival Future 2020"]
[Site "Prague"]
[Date "2020.02.16"]
[Round "5.2"]
[White "Nemec, Jachym"]
[Black "Aydin, Gulenay"]
[Result "1-0"]
[ECO "B76"]
[WhiteElo "2069"]
[BlackElo "1964"]
[Annotator "ChessBase"]
[PlyCount "101"]
[EventDate "2020.02.12"]
[EventType "tourn"]
[EventCountry "CZE"]
[SourceTitle "playchess.com"]
[Source "ChessBase"]
[SourceQuality "1"]
[TimeControl "40/5400+30:1800+30"]

1. e4 c5 2. Nf3 d6 3. d4 cxd4 4. Nxd4 Nf6 5. Nc3 g6 6. Be3 Bg7 7. f3 O-O 8. Qd2 Nc6 9. O-O-O Nxd4 10. Bxd4 Be6 11. Kb1 a6 12. g4 Qc7 13. h4 Rfc8 14. h5 Qa5 15. a3 b5 16. hxg6 fxg6 17. Qg5 Rab8 18. Bd3 Bf7 19. f4 e5 20. fxe5 b4 21. Nd5 Nxd5 22. exd5 Qxd5 23. Bf5 dxe5 24. Bxc8 Rxc8 25. Bxe5 Qa2+ 26. Kc1 Bxe5 27. Qxe5 bxa3 28. Qf6 axb2+ 29. Qxb2 Qc4 30. Rxh7 Qxc2+ 31. Qxc2 Rxc2+ 32. Kxc2 Kxh7 33. Rd7 Kg7 34. g5 Kf8 35. Rd6 a5 36. Ra6 Ke7 37. Rxa5 Ke6 38. Kd3 Be8 39. Ke4 Bc6+ 40. Kf4 Bb7 41. Rb5 Bg2 42. Rb6+ Kf7 43. Ke5 Bh3 44. Rb7+ Kg8 45. Kf6 Bf5 46. Rg7+ Kh8 47. Rxg6 Bxg6 48. Kxg6 Kg8 49. Kf6 Kf8 50. g6 Kg8 51. g7 1-0

[Event "Prague Festival Future 2020"]
[Site "Prague"]
[Date "2020.02.16"]
[Round "5.4"]
[White "Kanov, Nikola"]
[Black "Chinguun Bayaraa"]
[Result "1-0"]
[ECO "B90"]
[WhiteElo "2129"]
[BlackElo "2049"]
[Annotator "ChessBase"]
[PlyCount "81"]
[EventDate "2020.02.12"]
[EventType "tourn"]
[EventCountry "CZE"]
[SourceTitle "playchess.com"]
[Source "ChessBase"]
[SourceQuality "1"]
[TimeControl "40/5400+30:1800+30"]

1. e4 c5 2. Nf3 d6 3. d4 cxd4 4. Nxd4 Nf6 5. Nc3 a6 6. Be3 e5 7. Nb3 Be6 8. f3 Be7 9. Qd2 O-O 10. O-O-O Nbd7 11. g4 b5 12. g5 b4 13. Ne2 Ne8 14. h4 a5 15. Kb1 Qc7 16. Bh3 Nb6 17. Bxb6 Qxb6 18. g6 h6 19. gxf7+ Bxf7 20. Rhg1 Kh8 21. Ng3 a4 22. Nc1 b3 23. Nf5 Rb8 24. cxb3 Bf6 25. Nxh6 axb3 26. Nxf7+ Rxf7 27. Nxb3 Ra7 28. Nc1 d5 29. Rg2 d4 30. Rdg1 Nd6 31. Be6 Nb7 32. Rxg7 Bxg7 33. Qg5 Qxb2+ 34. Kxb2 Nd8+ 35. Bb3 Ne6 36. Qh5+ Kg8 37. Qg6 Re7 38. Ka1 Rb6 39. h5 Kf8 40. h6 Rc6 41. Bxe6 1-0

[Event "Prague Festival Future 2020"]
[Site "Prague"]
[Date "2020.02.16"]
[Round "5.5"]
[White "Finek, Vaclav"]
[Black "Klimkowski, Jan"]
[Result "1-0"]
[ECO "B53"]
[WhiteElo "2220"]
[BlackElo "2229"]
[Annotator "ChessBase"]
[PlyCount "69"]
[EventDate "2020.02.12"]
[EventType "tourn"]
[EventCountry "CZE"]
[SourceTitle "playchess.com"]
[Source "ChessBase"]
[SourceQuality "1"]
[TimeControl "40/5400+30:1800+30"]

1. e4 c5 2. Nf3 d6 3. d4 cxd4 4. Qxd4 Nc6 5. Bb5 a6 6. Bxc6+ bxc6 7. Nc3 e5 8. Qd3 Nf6 9. Bg5 Be6 10. O-O Be7 11. Rad1 O-O 12. Bxf6 gxf6 13. Nh4 Qb6 14. Ne2 Kh8 15. Ng3 Rg8 16. Nhf5 Bf8 17. Nxd6 Qxb2 18. Qf3 Rg6 19. Ngf5 Qb4 20. Qe3 Bxd6 21. Nxd6 Qa5 22. g3 Rgg8 23. f4 Rgb8 24. f5 Bxa2 25. Qh6 Qc5+ 26. Rf2 Rb2 27. Qxf6+ Kg8 28. Qg5+ Kh8 29. f6 Rg8 30. Nxf7+ Bxf7 31. Rd8 Rb1+ 32. Kg2 Bg6 33. Rxg8+ Kxg8 34. f7+ Kg7 35. Qf6+ 1-0

[Event "Prague Festival Future 2020"]
[Site "Prague"]
[Date "2020.02.19"]
[Round "7.1"]
[White "Nemec, Jachym"]
[Black "Brozka, Karel"]
[Result "1-0"]
[ECO "C03"]
[WhiteElo "2069"]
[BlackElo "2045"]
[Annotator "NA"]
[PlyCount "57"]
[EventDate "2020.02.12"]
[EventType "tourn"]
[EventCountry "CZE"]
[SourceTitle "playchess.com"]
[Source "ChessBase"]
[SourceQuality "1"]
[TimeControl "40/5400+30:1800+30"]

1. e4 e6 2. d4 d5 3. Nd2 Be7 4. Bd3 c5 5. dxc5 Bxc5 6. exd5 exd5 7. Ngf3 Nf6 8. O-O O-O 9. Nb3 Bd6 10. Bg5 Bg4 11. c3 Nc6 12. Bc2 Ne5 13. Nbd4 h6 14. Bh4 g5 15. Bg3 Ne4 16. Bxe5 Bxe5 17. Qd3 Bg7 18. Nd2 Bh5 19. Nxe4 dxe4 20. Qxe4 Bg6 21. Qxb7 Bxc2 22. Nxc2 Qd2 23. Ne3 Rfb8 24. Qc6 Qxb2 25. Nd5 Qb7 26. Qc4 Rd8 27. Rad1 Rac8 28. Qe4 Re8 29. Nf6+ 1-0

[Event "Prague Festival Future 2020"]
[Site "Prague"]
[Date "2020.02.19"]
[Round "7.2"]
[White "Vagman, Roy"]
[Black "Nadzamova, Viktoria"]
[Result "0-1"]
[ECO "B43"]
[WhiteElo "2141"]
[BlackElo "1960"]
[Annotator "NA"]
[PlyCount "70"]
[EventDate "2020.02.12"]
[EventType "tourn"]
[EventCountry "CZE"]
[SourceTitle "playchess.com"]
[Source "ChessBase"]
[SourceQuality "1"]
[TimeControl "40/5400+30:1800+30"]

1. e4 c5 2. Ne2 e6 3. d4 cxd4 4. Nxd4 a6 5. Nc3 Qc7 6. Bd3 Nf6 7. Qe2 d6 8. f4 Nbd7 9. g4 Nc5 10. g5 Nxd3+ 11. cxd3 Nd7 12. Bd2 Be7 13. Rc1 Qd8 14. h4 h6 15. Kf2 Nc5 16. b4 Nd7 17. a3 b5 18. Qh5 g6 19. Qf3 Bb7 20. h5 e5 21. Nde2 exf4 22. hxg6 fxg6 23. d4 Bxg5 24. Nd5 Bxd5 25. exd5 O-O 26. Rc6 Qf6 27. Rhc1 Rae8 28. Rxa6 Re3 29. Qg4 Rd3 30. Qxd7 Rxd2 31. Rxd6 Qxd4+ 32. Kf1 Rd1+ 33. Rxd1 Qxd1+ 34. Kf2 Bh4+ 35. Kf3 Qh1+ 0-1

[Event "Prague Festival Future 2020"]
[Site "Prague"]
[Date "2020.02.19"]
[Round "7.3"]
[White "Finek, Vaclav"]
[Black "Gurel, Ediz"]
[Result "1/2-1/2"]
[ECO "A04"]
[WhiteElo "2220"]
[BlackElo "2125"]
[Annotator "NA"]
[PlyCount "94"]
[EventDate "2020.02.12"]
[EventType "tourn"]
[EventCountry "CZE"]
[SourceTitle "playchess.com"]
[Source "ChessBase"]
[SourceQuality "1"]
[TimeControl "40/5400+30:1800+30"]

1. Nf3 c5 2. c4 Nf6 3. g3 b6 4. Bg2 Bb7 5. O-O g6 6. Nc3 Bg7 7. Re1 O-O 8. e4 d6 9. d4 Nfd7 10. d5 a6 11. Qe2 b5 12. cxb5 axb5 13. Qxb5 Ba6 14. Qa4 Nb6 15. Qc2 N8d7 16. b3 Qc7 17. Bb2 Rfb8 18. Nd1 Nf6 19. Ne3 Qa7 20. Nd2 Nfd7 21. Bxg7 Kxg7 22. f4 h6 23. Qc3+ Kh7 24. e5 c4 25. e6 Nf6 26. Kh1 Bb7 27. bxc4 fxe6 28. Nc2 Na4 29. Qd4 Nc5 30. Nb3 Nxb3 31. axb3 Qxd4 32. Nxd4 Rxa1 33. Rxa1 exd5 34. Re1 Re8 35. Nb5 Kg7 36. Nc7 Rc8 37. Nxd5 Nxd5 38. Bxd5 Bxd5+ 39. cxd5 Kf6 40. b4 Rb8 41. Re6+ Kf7 42. Re4 Ra8 43. Rd4 Ra2 44. Kg1 h5 45. h3 Kf6 46. g4 h4 47. f5 Ke5 1/2-1/2

[Event "Prague Festival Future 2020"]
[Site "Prague"]
[Date "2020.02.19"]
[Round "7.4"]
[White "Kanov, Nikola"]
[Black "Aydin, Gulenay"]
[Result "1/2-1/2"]
[ECO "B71"]
[WhiteElo "2129"]
[BlackElo "1964"]
[Annotator "ChessBase"]
[PlyCount "162"]
[EventDate "2020.02.12"]
[EventType "tourn"]
[EventCountry "CZE"]
[SourceTitle "playchess.com"]
[Source "ChessBase"]
[SourceQuality "1"]
[TimeControl "40/5400+30:1800+30"]

1. e4 c5 2. Nf3 d6 3. d4 cxd4 4. Nxd4 Nf6 5. Nc3 g6 6. f4 Nc6 7. Nxc6 bxc6 8. e5 Nd7 9. exd6 exd6 10. Be3 Be7 11. Qd2 O-O 12. Be2 Re8 13. O-O Bf8 14. Bf3 d5 15. Kh1 a5 16. Qf2 Rb8 17. Na4 Ba6 18. Rfe1 Qc7 19. g3 Bb5 20. Nc3 Ba6 21. Bd4 Bb7 22. Be3 Ba8 23. Rab1 Qd6 24. Ne2 Nf6 25. f5 Qd7 26. fxg6 hxg6 27. Bd4 Bg7 28. Nf4 c5 29. Bxf6 Bxf6 30. Rxe8+ Rxe8 31. Qxc5 d4 32. Bxa8 Rxa8 33. Qd5 Qe8 34. Rf1 Kg7 35. Qf3 Ra7 36. Nh5+ gxh5 37. Qxf6+ Kh7 38. Qf5+ Kh6 39. Qf4+ Kh7 40. Qxd4 Rd7 41. Qf4 Qe7 42. Qf5+ Kg8 43. Rf2 Rd2 44. Rxd2 Qe1+ 45. Kg2 Qxd2+ 46. Kh3 a4 47. a3 Qc1 48. Qc8+ Kg7 49. Qc3+ Kg8 50. Kh4 Qd1 51. Qc8+ Kg7 52. Qf5 f6 53. Kh3 Qd4 54. Qxh5 Qxb2 55. Qg4+ Kf7 56. Qxa4 Qc1 57. Qb3+ Kg7 58. Qd3 Qh6+ 59. Kg2 Qc1 60. a4 Qb1 61. Qe4 Qc1 62. Qg4+ Kf7 63. Qc4+ Kg7 64. Kh3 Qd2 65. Qc7+ Kg6 66. Qc4 Kg7 67. Qd3 Qa5 68. Qd7+ Kh6 69. Qe6 Kg7 70. Qg4+ Kh6 71. Kh4 Qc3 72. Qf4+ Kg7 73. Qf5 Qd2 74. h3 Qh6+ 75. Qh5 Qd2 76. a5 Qxc2 77. a6 Kf8 78. Qh8+ Kf7 79. a7 Qe4+ 80. g4 Qe1+ 81. Kh5 Qe5+ 1/2-1/2

[Event "Prague Festival Future 2020"]
[Site "Prague"]
[Date "2020.02.19"]
[Round "7.5"]
[White "Chinguun Bayaraa"]
[Black "Klimkowski, Jan"]
[Result "1/2-1/2"]
[ECO "E98"]
[WhiteElo "2049"]
[BlackElo "2229"]
[Annotator "NA"]
[PlyCount "116"]
[EventDate "2020.02.12"]
[EventType "tourn"]
[EventCountry "CZE"]
[SourceTitle "playchess.com"]
[Source "ChessBase"]
[SourceQuality "1"]
[TimeControl "40/5400+30:1800+30"]

1. Nf3 Nf6 2. d4 g6 3. c4 Bg7 4. Nc3 O-O 5. e4 d6 6. Be2 e5 7. O-O Nc6 8. d5 Ne7 9. Ne1 Ne8 10. Nd3 f5 11. f3 Nf6 12. Bd2 f4 13. Rc1 g5 14. c5 Ng6 15. cxd6 cxd6 16. Nf2 Rf7 17. Qb3 Bf8 18. Nb5 h5 19. h3 Rh7 20. Qc2 Bd7 21. Qb3 g4 22. fxg4 hxg4 23. hxg4 Ne8 24. Rc3 Bh6 25. Be1 a6 26. Na3 b5 27. Bf3 Nf6 28. Rc2 Bf8 29. Rc1 Qb6 30. Nc4 Qa7 31. Na5 Bxg4 32. Nc6 Qd7 33. Nxg4 Nxg4 34. Bxg4 Qxg4 35. Rf3 Bh6 36. Rcc3 Rg7 37. Qc2 Kh7 38. Rh3 Rag8 39. Rh2 f3 40. Rxf3 Qxf3 41. gxf3 Nf4+ 42. Kf2 Rg2+ 43. Ke3 Nxd5+ 44. Kd3 Nf4+ 45. Kc3 Rxc2+ 46. Rxc2 Rc8 47. Kb3 Ne6 48. Bf2 Ng5 49. Ne7 Rxc2 50. Kxc2 Nxf3 51. Nd5 Ng5 52. Kd3 Ne6 53. Nb4 a5 54. Nc6 Nf4+ 55. Kc2 a4 56. a3 d5 57. exd5 Nxd5 58. Nxe5 b4 1/2-1/2

[Event "Prague Festival Future 2020"]
[Site "Prague"]
[Date "2020.02.20"]
[Round "8.3"]
[White "Gurel, Ediz"]
[Black "Kanov, Nikola"]
[Result "1-0"]
[ECO "C70"]
[WhiteElo "2125"]
[BlackElo "2129"]
[Annotator "NA"]
[PlyCount "49"]
[EventDate "2020.02.12"]
[EventType "tourn"]
[EventCountry "CZE"]
[SourceTitle "playchess.com"]
[Source "ChessBase"]
[SourceQuality "1"]
[TimeControl "40/5400+30:1800+30"]

1. e4 e5 2. Nf3 Nc6 3. Bb5 a6 4. Ba4 Nge7 5. O-O g6 6. c3 Bg7 7. d4 exd4 8. cxd4 O-O 9. d5 Ne5 10. Nxe5 Bxe5 11. f4 Bg7 12. f5 f6 13. d6 Nc6 14. fxg6 Ne5 15. Bb3+ Kh8 16. Qh5 Nxg6 17. Rf3 Re8 18. Rh3 Nf8 19. Bh6 Bxh6 20. Qxh6 Re5 21. Rg3 Rg5 22. Rxg5 fxg5 23. Nc3 Ne6 24. Rf1 Kg8 25. Nd5 1-0

[Event "Prague Festival Future 2020"]
[Site "Prague"]
[Date "2020.02.21"]
[Round "9.1"]
[White "Nemec, Jachym"]
[Black "Nadzamova, Viktoria"]
[Result "1/2-1/2"]
[ECO "B41"]
[WhiteElo "2069"]
[BlackElo "1960"]
[Annotator "NA"]
[PlyCount "73"]
[EventDate "2020.02.12"]
[EventType "tourn"]
[EventCountry "CZE"]
[SourceTitle "playchess.com"]
[Source "ChessBase"]
[SourceQuality "1"]
[TimeControl "40/5400+30:1800+30"]

1. e4 c5 2. Nf3 e6 3. d4 cxd4 4. Nxd4 a6 5. c4 Nf6 6. Nc3 d6 7. Be3 Be7 8. Be2 O-O 9. O-O b6 10. f3 Bb7 11. Qd2 Nbd7 12. Rac1 Rc8 13. a3 Ne5 14. Na4 d5 15. exd5 exd5 16. Nf5 Nxc4 17. Bxc4 dxc4 18. Qf2 Nd5 19. Bxb6 Qd7 20. Nxe7+ Nxe7 21. Nc5 Qc6 22. Ne4 Qg6 23. Nc3 Bxf3 24. Bd4 Ba8 25. Rce1 Nf5 26. Re2 Nxd4 27. Qxd4 Rfd8 28. Qa7 Re8 29. Ref2 f5 30. Qd7 Rf8 31. Nd5 Bxd5 32. Qxd5+ Qf7 33. Qxf7+ Rxf7 34. Rxf5 Rxf5 35. Rxf5 c3 36. bxc3 Rxc3 37. Ra5 1/2-1/2

[Event "Prague Festival Future 2020"]
[Site "Prague"]
[Date "2020.02.21"]
[Round "9.2"]
[White "Finek, Vaclav"]
[Black "Vagman, Roy"]
[Result "1-0"]
[ECO "D26"]
[WhiteElo "2220"]
[BlackElo "2141"]
[Annotator "ChessBase"]
[PlyCount "113"]
[EventDate "2020.02.12"]
[EventType "tourn"]
[EventCountry "CZE"]
[SourceTitle "playchess.com"]
[Source "ChessBase"]
[SourceQuality "1"]
[TimeControl "40/5400+30:1800+30"]

1. d4 d5 2. Nf3 Nf6 3. c4 dxc4 4. e3 e6 5. Bxc4 c5 6. O-O Nc6 7. dxc5 Qxd1 8. Rxd1 Bxc5 9. a3 O-O 10. b4 Be7 11. Bb2 Bd7 12. Nbd2 Rfd8 13. Nb3 a6 14. Rac1 Rac8 15. Kf1 Be8 16. Rxd8 Rxd8 17. Ke2 Ne4 18. h3 Kf8 19. Bd3 Nf6 20. Nc5 Rb8 21. Ne5 Bxc5 22. Rxc5 Ne7 23. g4 h6 24. h4 Nd7 25. Rc7 Nb6 26. g5 hxg5 27. hxg5 Nc6 28. Nxc6 Bxc6 29. g6 f6 30. e4 e5 31. Bc1 Rc8 32. Rf7+ Kg8 33. Be3 Nd7 34. Bc4 Kh8 35. Be6 Rd8 36. Bh6 Rg8 37. Bxd7 Bxe4 38. Be3 Bxg6 39. Re7 Kh7 40. Be6 Rd8 41. Rxb7 Rd3 42. a4 Ra3 43. a5 Bd3+ 44. Kd2 Kg6 45. Rb6 Bb5 46. Rxb5 axb5 47. Bc8 f5 48. a6 f4 49. Bc5 Ra2+ 50. Kd3 Ra1 51. a7 Rd1+ 52. Ke2 Ra1 53. Bb7 Kf5 54. a8=Q Rxa8 55. Bxa8 e4 56. f3 exf3+ 57. Kxf3 {[%emt 0:00:05] Ke4+ Kxe4} 1-0

[Event "Prague Festival Future 2020"]
[Site "Prague"]
[Date "2020.02.21"]
[Round "9.3"]
[White "Chinguun Bayaraa"]
[Black "Gurel, Ediz"]
[Result "1-0"]
[ECO "A04"]
[WhiteElo "2049"]
[BlackElo "2125"]
[Annotator "ChessBase"]
[PlyCount "157"]
[EventDate "2020.02.12"]
[EventType "tourn"]
[EventCountry "CZE"]
[SourceTitle "playchess.com"]
[Source "ChessBase"]
[SourceQuality "1"]
[TimeControl "40/5400+30:1800+30"]

1. d3 g6 2. g3 Bg7 3. Bg2 e5 4. Nf3 Ne7 5. O-O O-O 6. e4 Nbc6 7. c3 d6 8. b4 a6 9. Bb2 h6 10. Nbd2 f5 11. Qb3+ Kh8 12. h3 Qe8 13. a4 Nd8 14. Qc2 Be6 15. Rfe1 Qf7 16. c4 fxe4 17. dxe4 a5 18. b5 b6 19. Rac1 g5 20. Nf1 Qh5 21. g4 Qf7 22. Ng3 Ng6 23. Nf5 Nf4 24. Re3 Qg6 25. Ne1 h5 26. Nd3 Nf7 27. f3 Bf6 28. Kf2 Nh6 29. Rg1 Bd7 30. Bf1 Nxf5 31. exf5 Qh6 32. Nxf4 gxf4 33. Ra3 Rae8 34. Bd3 Rg8 35. Be4 hxg4 36. hxg4 Kg7 37. Kf1 Qg5 38. Ra1 Rh8 39. Re1 Rh3 40. Re2 Reh8 41. Reg2 Be8 42. Bc3 Bf7 43. Be1 Kf8 44. Ke2 Rh1 45. Kf1 R1h3 46. Qd3 Rh1 47. Bd5 Rxg1+ 48. Rxg1 Be8 49. Qe2 Bf7 50. Bxf7 Kxf7 51. Qd2 Re8 52. Qd5+ Kf8 53. Qe4 Kf7 54. Rh1 Qg7 55. Kg2 Ke7 56. Bh4 Rh8 57. Bxf6+ Kxf6 58. Qe1 Rxh1 59. Qxh1 Qf7 60. Qh4+ Kg7 61. Qg5+ Kf8 62. Qd8+ Kg7 63. Qg5+ Kf8 64. f6 Ke8 65. Kh3 Qxc4 66. Qg6+ Qf7 67. Qf5 Qg8 68. g5 Kf7 69. Kg4 Qg6 70. Qd7+ Kf8 71. Qe7+ Kg8 72. Qd8+ Kf7 73. Qxc7+ Kg8 74. Qd8+ Kf7 75. Qxd6 Qh7 76. Qe7+ Kg6 77. Qxh7+ Kxh7 78. f7 Kg7 79. g6 1-0